 Dungeon Crawl Stone Soup version 0.28-a0-773-g130ae17fe5 (webtiles) character file.

Game seed: 15531059637506187253

772 Lekart the Magician (level 7, -9/51 HPs)
             Began as a Yellow Draconian Air Elementalist on Oct 29, 2021.
             Was an Initiate of Sif Muna.
             Mangled by Blork the orc (10 damage)
             ... on level 5 of the Dungeon on Nov 2, 2021.
             The game lasted 00:19:57 (5677 turns).

Lekart the Magician (DrAE)                          Turns: 5677, Time: 00:19:58

Health: -9/51      AC:  8    Str:  8 (11) XL:     7   Next: 53%
Magic:  1/15       EV: 12    Int: 14 (17) God:    Sif Muna [......]
Gold:   165        SH:  0    Dex: 10 (11) Spells: 13/16 levels left

rFire   . . .      SeeInvis .     - Unarmed
rCold   . . .      Faith    .   (no shield)
rNeg    . . .      Spirit   .   (armour unavailable)
rPois   .          Reflect  .   (helmet restricted)
rElec   .          Harm     .   (no cloak)
rCorr   +          Rampage  .   c - +1 pair of gloves
Will    .....                   (no boots)
Stlth   ++........              (no amulet)
HPRegen 0.17/turn               f - ring of resist corrosion
MPRegen 0.14/turn               (no ring)

@: mighty
A: spit acid, AC +6, unfitting armour, cold-blooded, acid resistance
a: Breathe Acid, Renounce Religion


You were on level 5 of the Dungeon.
You worshipped Sif Muna.
Sif Muna was noncommittal.
You visited 2 branches of the dungeon, and saw 6 of its levels.

You collected 190 gold pieces.
You spent 25 gold pieces at shops.

Inventory:

Missiles
 a - 2 throwing nets
Armour
 c - a +1 pair of gloves (worn)
Jewellery
 f - a ring of resist corrosion (left hand)
Scrolls
 b - 3 scrolls of teleportation
 d - 3 scrolls of immolation
Potions
 h - a potion of resistance {unknown}


   Skills:
 + Level 0.5 Fighting
 + Level 2.4 Dodging
 - Level 2.0 Stealth
 + Level 1.3 Unarmed Combat
 * Level 5.4 Spellcasting
 + Level 3.6 Conjurations
 + Level 4.6 Air Magic
 * Level 1.9 Invocations


You had 13 spell levels left.
You knew the following spells:

 Your Spells              Type           Power      Damage    Failure   Level
a - Shock                 Conj/Air       60%        1d6       3%          1
b - Static Discharge      Conj/Air       15%        N/A       4%          2

Your spell library contained the following spells:

 Spells                   Type           Power      Damage    Failure   Level
 Swiftness                Air            16%        N/A       8%          3
 Summon Small Mammal      Summ           12%        N/A       17%         1
 Airstrike                Air            8%         N/A       24%         4
 Call Canine Familiar     Summ           3%         N/A       45%         3
 Summon Guardian Golem    Hex/Summ       3%         N/A       45%         3


Dungeon Overview and Level Annotations

Branches:
Dungeon (5/15)             Temple (1/1) D:5

Altars:
Ashenzari
Cheibriados
Fedhas
Hepliaklqana
Kikubaaqudgha
Nemelex Xobeh
Qazlal
Sif Muna
Uskayaw
The Shining One

Shops:
D:2 *

Annotations:
D:4 Menkaure
D:5 2 runed translucent doors, Blork the orc; paps's ghost, weakling OpDe


Innate Abilities, Weirdness & Mutations

You can spit globs of acid.
Your golden yellow scales are hard. (AC +6)
You cannot fit into any form of body armour.
You are cold-blooded and may be slowed by cold attacks.
You are resistant to acid. (rCorr)


Message History

Aim: Blork the orc, wielding a +0 glaive and wearing a +0 robe (heavily wounded, fast, 75% to hit)
The zap hits Blork the orc.
Blork the orc is heavily wounded.
Blork the orc hits you from afar with a +0 glaive.
Casting: Shock (safe; 2% risk of failure)
Confirm with . or Enter, or press ? or * to list all spells.
Aiming: Shock (safe; 2% risk of failure)
Press: ? - help, Shift-Dir - straight line, f/p - Blork the orc
Aim: Blork the orc, wielding a +0 glaive and wearing a +0 robe (heavily wounded, fast, 75% to hit)
The zap hits Blork the orc.
Blork the orc is severely wounded.
Blork the orc screams, "I'm much stronger than you!"
Blork the orc barely misses you. x2
Casting: Shock (safe; 2% risk of failure)
Confirm with . or Enter, or press ? or * to list all spells.
You don't have enough magic to cast this spell.
Casting: Shock (safe; 2% risk of failure)
Confirm with . or Enter, or press ? or * to list all spells.
You don't have enough magic to cast this spell.
Casting: Shock (safe; 2% risk of failure)
Confirm with . or Enter, or press ? or * to list all spells.
You don't have enough magic to cast this spell.
Blork the orc hits you from afar with a +0 glaive!
* * * LOW HITPOINT WARNING * * *
Blork the orc points at you and mumbles some strange words.
The magic dart hits you!
* * * LOW HITPOINT WARNING * * *
Blork the orc points at you and mumbles some strange words.
The puff of flame hits you.
* * * LOW HITPOINT WARNING * * *
There is an open door here.
It was a potion of degeneration.
There was something very wrong with that liquid.
You feel weakened.
You feel dopey.
You feel clumsy. Blork the orc misses you.
Okay, then.
It was a potion of might.
You feel very mighty all of a sudden.
Blork the orc hits you from afar with a +0 glaive!
You die...

###### .##.####.# ..##...
##....### #######.# .......
#.......# #....#... ....$..
#.......# #....#... .......
#.......# #....#... .....
#....(..# #....#... #...
##..##.##+#####..####
+###..(#######.##...###..####
..........o.@................
............#................
............#................
####........#......[>########
###########.......##....##
#......(##.....#
.................#
.................#
..................#


You could see Blork the orc (fast).

Vanquished Creatures
  A water moccasin (D:5)
  2 ogres (D:5)
  A scorpion (D:5)
  A water moccasin zombie (D:5)
  A jelly (D:4)
  A centaur skeleton (D:5)
  4 iguanas
  A howler monkey zombie (D:5)
  7 gnolls (D:5)
  6 adders
  A shadow imp (D:5)
  A white imp (D:5)
  An ufetubus (D:4)
  An adder skeleton (D:5)
  4 dart slugs
  An orc (D:3)
  3 endoplasms
  A giant cockroach (D:2)
  A goblin (D:3)
  4 hobgoblins
  5 kobolds
  3 quokkas
  8 ball pythons
  6 bats
  6 frilled lizards
  5 rats
76 creatures vanquished.

Vanquished Creatures (others)
  4 plants (D:4)
4 creatures vanquished.

Grand Total: 80 creatures vanquished

Notes
Turn   | Place    | Note
-------+----------+-------------------------------------------
     0 | D:1      | Lekart the Draconian Air Elementalist began the quest for
                  | the Orb.
     0 | D:1      | Reached XP level 1. HP: 14/14 MP: 3/3
     0 | D:1      | Upgraded the game from 0.28-a0-732-g75e6d9beac to
                  | 0.28-a0-751-gef3a642a4e
     0 | D:1      | Upgraded the game from 0.28-a0-751-gef3a642a4e to
                  | 0.28-a0-768-g8c92f1e708
     0 | D:1      | Upgraded the game from 0.28-a0-768-g8c92f1e708 to
                  | 0.28-a0-773-g130ae17fe5
   365 | D:1      | Reached XP level 2. HP: 20/20 MP: 0/5
   513 | D:1      | Learned a level 2 spell: Static Discharge
  1169 | D:2      | Reached XP level 3. HP: 22/26 MP: 1/6
  1960 | D:2      | Reached XP level 4. HP: 33/33 MP: 5/8
  2175 | D:2      | Found Yfufy's Assorted Antiques.
  2199 | D:2      | Bought a silvery potion for 25 gold pieces
  2326 | D:3      | Found a faded altar of an unknown god.
  2616 | D:3      | Found a broken altar of Ashenzari.
  3069 | D:3      | Reached skill level 3 in Spellcasting
  3280 | D:4      | Reached skill level 1 in Unarmed Combat
  3280 | D:4      | Reached XP level 5. HP: 35/38 MP: 0/10
  3289 | D:4      | Noticed a phantom
  3621 | D:4      | Noticed Menkaure
  3633 | D:5      | Entered Level 5 of the Dungeon
  3634 | D:5      | Found a staircase to the Ecumenical Temple.
  3692 | D:5      | Noticed a water moccasin
  3700 | D:5      | Killed a water moccasin
  3701 | D:5      | Reached skill level 4 in Spellcasting
  3701 | D:5      | Reached XP level 6. HP: 20/46 MP: 0/12
  3967 | Temple   | Entered the Ecumenical Temple
  3979 | Temple   | Became a worshipper of Sif Muna the Loreminder
  4968 | D:5      | Found a large runed translucent door.
  4968 | D:5      | Found a large runed translucent door.
  4970 | D:5      | Noticed paps's ghost (weakling OpDe)
  4992 | D:5      | Reached skill level 5 in Spellcasting
  4992 | D:5      | Your scales start taking on a golden yellow colour.
  4992 | D:5      | Reached XP level 7. HP: 44/51 MP: 5/14
  4992 | D:5      | Gained mutation: You are resistant to acid. (rCorr) [Yellow
                  | Draconian growth]
  5475 | D:5      | Reached skill level 1 in Invocations
  5653 | D:5      | Noticed Blork the orc
  5675 | D:5      | HP: 1/51 [Blork the orc/puff of flame (3)]
  5677 | D:5      | Mangled by Blork the orc

Illustrated notes

Levels and vault maps discovered:
D:1:      dpeg_arrival_court, layout_basic
D:2:      layout_basic, serial_shops, nicolae_shop_window_shopping,
          chequers_jeans, grunt_ministairs_5
D:3:      minmay_diamond_boxcup, layout_loops_ring, cheibrodos_ashenzari_chains,
          ebering_ecumenical_altar_box
D:4:      layout_gridville, minmay_lizard_king, uniq_menkaure, uniq_eustachio
D:5:      layout_gridville, gammafunk_temple_overflow_elements,
          minmay_temple_entry_junction, serial_shops, shop,
          ebering_ghost_disaster_area, dk_noncrumbling_3, uniq_duvessa,
          uniq_blork_the_orc
Temple:   compressed_dpeg_triangle_lava_temple

Skill      XL: |  1  2  3  4  5  6  7 |
---------------+----------------------+-----
Stealth        | 2 |  2.0
Dodging        | 2 |  2.4
Spellcasting   | 3 4 5 |  5.4
Unarmed Combat | 1 |  1.3
Conjurations   | 2 3 |  3.6
Air Magic      | 4 |  4.6
Invocations    | 1 |  1.9
Fighting       | |  0.5

Action                   |  1- 3 |  4- 6 |  7- 9 || total
-------------------------+-------+-------+-------++-------
Melee: Unarmed           |    34 |     6 |     2 ||    42
       Tailslap          |     4 |       |       ||     4
 Cast: Shock             |    55 |    89 |    27 ||   171
       Static Discharge  |       |    20 |    21 ||    41
 Abil: Breathe Acid      |       |       |     1 ||     1
  Use: Scroll            |     3 |     4 |       ||     7
       Potion            |     1 |       |     2 ||     3
Armor: Skin              |    19 |    17 |    22 ||    58
Dodge: Dodged            |    39 |    23 |    36 ||    98

Table legend: (Time is in decaauts)
 A = Elapsed time spent in this place.
 B = Non-inter-level travel time spent in this place.
 C = Inter-level travel time spent in this place.
 D = Time resting spent in this place.
 E = Time spent auto-exploring this place.
 F = Levels seen in this place.
 G = Mean time per level.
                   A        B        C        D        E       F      G
               +--------+--------+--------+--------+--------+-----+--------+
         Total |   5680 |   5613 |     67 |   1608 |   3317 |   6 |  946.7 |
       Dungeon |   5295 |   5228 |     67 |   1531 |   3051 |   5 | 1059.0 |
        Temple |    385 |    385 |      0 |     77 |    266 |   1 |  385.0 |
               +--------+--------+--------+--------+--------+-----+--------+

Top non-repeatable levels by time:
     D:5: 1659 daAuts
     D:1: 1313 daAuts
     D:2: 1008 daAuts
     D:3: 1007 daAuts
  Temple: 385 daAuts
     D:4: 306 daAuts
